 Dungeon Crawl Stone Soup version 0.31.0-12-g77e489cdc1 (webtiles) character file.

Game seed: 865825552387836531

4 Silvore the Trooper (level 1, 0/18 HPs)
             Began as a Demonspawn Fighter on Feb 12, 2024.
             Slain by a rat (3 damage)
             ... on level 1 of the Dungeon.
             The game lasted 00:00:10 (113 turns).

Silvore the Trooper (Demonspawn Fighter)             Turns: 113, Time: 00:00:10

Health: 0/18       AC:  6    Str: 16    XL:     1   Next: 58%
Magic:  1/1        EV:  8    Int:  8    God:
Gold:   5          SH:  4    Dex: 12    Spells: 0/0 levels left

rFire   . . .        a - +0 long sword
rCold   . . .        c - +0 buckler
rNeg    . . .        b - +0 scale mail
rPois   .            (no helmet)
rElec   .            (no cloak)
rCorr   .            (no gloves)
SInv    .            (no boots)
Will    .....        (no amulet) Stlth
                     (no ring)
HPRegen 0.23/turn    (no ring)
MPRegen 0.07/turn

%: no passive effects
@: no status effects
A: no striking features
a: no special abilities


You were on level 1 of the Dungeon.
You visited 1 branch of the dungeon, and saw 1 of its levels.

You collected 5 gold pieces.

Inventory:

Hand Weapons
 a - a +0 long sword (weapon)
Armour
 b - a +0 scale mail (worn)
 c - a +0 buckler (worn)
Potions
 d - a potion of might
 e - a potion of enlightenment {unknown}


   Skills:
 + Level 3.0 Fighting
 + Level 1.8 Long Blades
 + Level 2.9 Armour
 + Level 2.7 Shields


You couldn't memorise any spells.
You didn't know any spells.
Your spell library was empty.

Dungeon Overview and Level Annotations

Branches:
Dungeon (1/15)

Altars:


Message History

The jackal bites you.
You see here a jackal corpse.
You closely miss the jackal.
The jackal bites you but does no damage.
You block the rat's attack. The rat bites you but does no damage.
The jackal bites you but does no damage.
You hit the jackal.
The jackal is heavily wounded.
You block the jackal's attack.
The rat bites you but does no damage. x2
The jackal bites you. You block the jackal's attack.
The rat bites you but does no damage. x2
The jackal bites you but does no damage.
You hit the jackal.
The jackal is severely wounded.
The jackal closely misses you. You block the jackal's attack.
The rat bites you. x2
The jackal bites you but does no damage.
The jackal closely misses you.
You hit the jackal.
You kill the jackal!
The jackal barely misses you. The rat bites you but does no damage.
The rat bites you.
* * * LOW HITPOINT WARNING * * *
The jackal bites you but does no damage.
You block the rat's attack. The rat completely misses you.
You block the jackal's attack.
You see here a jackal corpse.
You closely miss the jackal. The jackal bites you.
* * * LOW HITPOINT WARNING * * *
The rat bites you but does no damage. The rat bites you.
* * * LOW HITPOINT WARNING * * *
The jackal bites you but does no damage.
The rat barely misses you. The rat bites you but does no damage.
You barely miss the jackal. The jackal barely misses you.
The rat closely misses you. The rat completely misses you.
The jackal closely misses you.
You barely miss the jackal. You block the jackal's attack.
The frilled lizard bites you but does no damage.
You block the rat's attack. The rat bites you.
You die...

...... ... ...... ...# ##..
...... ..#######....
......#######...........#
............#...........#
...........#...........#
#.......#.........#
#.......l.........#
#.....##r@h....)....#####
#.....##r†....†..........
#.....##.................
.......##.....##..........
.....#####.....##..........
..... #.....##..........
..... #.....##..........
#.....##..........
#.....##...###....


You could see a jackal, a frilled lizard and 2 rats.

Vanquished Creatures
  A goblin (D:1)
  2 jackals (D:1)
  A rat (D:1)
4 creatures vanquished.

Notes
Turn   | Place    | Note
-------+----------+-------------------------------------------
     0 | D:1      | Silvore the Demonspawn Fighter began the quest for the Orb.
     0 | D:1      | Reached XP level 1. HP: 18/18 MP: 1/1
   113 | D:1      | Slain by a rat

Illustrated notes

Levels and vault maps discovered:
D:1:      lightli_arrival_windingriver, layout_basic

Action                     || total
---------------------------++-------
  Melee: Long sword        ||    17
 Armour: Scale mail        ||    40
  Dodge: Dodged            ||    20
  Block: Buckler           ||    15
